AoeStats
← Zen Chriss

Four Lakes

510095094Analyzed
1v1 RM · 3d ago on Sep 29, 2026· 46m 45s· 2 players
Game mode
Random Map
Map size
Tiny (2 player)
Population
200
Speed
Normal
Resources
Standard
Victory
Conquest
Starting age
Dark Age
Ending age
Imperial Age
RankedLock teamsTeams togetherTeam positionsShared explorationLock speedFull tech treeHidden civsTurbo modeCheats
Victory
Defeat
🇨🇿 Italians · Czechia
1107
+15
🇳🇴 Japanese · Norway
1090
-15
▬ι ﺤ | s_ry1
11:16 Feudal Age
11:22 Loom
11:53 Man-at-Arms
13:05 Arson
13:08 Fishing Lines
14:02 Forging
13:52 Scale Mail Armor
13:42 Double-Bit Axe
17:30 Castle Age
16:39 Fletching
16:49 Padded Archer Armor
19:05 Gillnets
21:25 Wheelbarrow
21:53 Town Watch
22:39 Pikeman
25:54 Fervor
28:17 Iron Casting
32:56 Gold Mining
35:38 Chain Mail Armor
38:14 Imperial Age
46:22 Capped Ram
Zen Chriss
5:05 Loom
11:05 Feudal Age
14:38 Castle Age
13:48 Double-Bit Axe
15:42 Fletching
18:08 Wheelbarrow
17:16 Crossbowman
18:22 Bodkin Arrow
21:25 Padded Archer Armor
20:47 Light Cavalry
26:44 Bloodlines
31:53 Thumb Ring
32:11 Ballistics
37:53 Imperial Age
38:00 Arbalester
38:40 Hussar
Connection lost

Rejoining the realm…

Still unreachable

The connection could not be restored.

Session expired

The server has moved on; the page needs a fresh start.